 Dungeon Crawl Stone Soup version 0.11.3 (webtiles) character file.

30607 MisterOstroum the Slinger (level 13, -4/83 (86) HPs)
             Began as a Sludge Elf Stalker on Nov 29, 2020.
             Was a High Priest of Okawaru.
             Slain by a blink frog (13 damage)
             ... on Level 7 of the Lair of Beasts on Nov 30, 2020.
             The game lasted 02:44:47 (22716 turns).

MisterOstroum the Slinger (Sludge Elf Stalker)     Turns: 22716, Time: 02:44:47

HP  -4/83 (86)   AC 11     Str 13      XL: 13   Next: 33%
MP  27/27        EV 21     Int 19      God: Okawaru [*****.]
Gold 746         SH  0     Dex 17      Spells:  7 memorised,  6 levels left

Res.Fire  : . . .   See Invis. : .   b - +3,+0 scimitar (flame)
Res.Cold  : + . .   Warding    : .   j - +1 leather armour {MR}
Life Prot.: . . .   Conserve   : .   (no shield)
Res.Poison: .       Res.Corr.  : .   Z - +2 helmet {Int+3} {god gift}
Res.Elec. : .       Clarity    : +   O - +0 elf cloak
Sust.Abil.: . .     Spirit.Shd : .   G - +0 pair of elf gloves
Res.Mut.  : .       Stasis     : .   y - +0 pair of boots {run} {god gift}
Res.Rott. : .       Ctrl.Telep.: .   Q - amulet of clarity
Saprovore : . . .   Levitation : .   g - ring of protection from cold {unknown} Ctrl.Flight: .
                                     E - +5,+4 ring of slaying {unknown}

@: heroism, quick, quite resistant to hostile enchantments, extremely stealthy
A: screaming 1, Str +1
a: Heroism, Finesse, Renounce Religion


You were on level 7 of the Lair of Beasts.
You worshipped Okawaru.
Okawaru was exalted by your worship.
You were full.

You visited 3 branches of the dungeon, and saw 18 of its levels.
You also visited: Labyrinth.

You collected 993 gold pieces.
You spent 267 gold pieces at shops.

Inventory:

Hand weapons
 a - a +1,+2 sling of flame
 b - a +3,+0 scimitar of flaming (weapon)
 t - a +1,+2 dagger of freezing (quivered) {=F}
Missiles
 w - a sling bullet of flame {god gift}
 K - 11 exploding sling bullets {god gift, =F}
 L - 29 stones
 M - 16 steel sling bullets {god gift}
Armour
 j - a +1 leather armour of magic resistance (worn)
 y - a +0 pair of boots of running (worn) {god gift}
 G - a +0 pair of elven gloves (worn)
 O - a +0 elven cloak (worn)
 Z - a +2 helmet of intelligence (worn) {god gift}
Magical devices
 c - a wand of magic darts (6)
 i - a wand of confusion (8)
 n - a wand of polymorph other (8)
 r - a wand of cold (6)
 P - a wand of digging (10)
 V - a wand of flame (9)
 X - a wand of fireball (4)
Comestibles
 f - 5 bread rations
 x - 4 meat rations
 C - a honeycomb
 N - 9 strawberries
Scrolls
 d - 2 scrolls of recharging {unknown}
 m - a scroll of fear {!r}
 q - a scroll of remove curse {@r2}
 v - 2 scrolls of blinking {@r4}
 z - 2 scrolls of identify {@r1}
 B - 3 scrolls of fog
 D - 9 scrolls of teleportation {@r3 !r}
 R - a scroll of vorpalise weapon {unknown}
 T - a scroll of curse armour {unknown}
 W - a scroll of enchant weapon III {unknown}
Jewellery
 g - a ring of protection from cold (right hand) {unknown}
 o - an uncursed ring of life protection
 E - a +5,+4 ring of slaying (left hand) {unknown}
 Q - an amulet of clarity (around neck)
Potions
 e - a potion of confusion
 h - 2 potions of restore abilities
 l - a potion of invisibility
 p - 2 potions of heal wounds {@q2 !q}
 u - a potion of slowing {unknown}
 A - 5 potions of curing {@q1 !q}
 F - 2 potions of might {@q3 !q}
 I - 3 potions of speed
 J - a potion of strong poison
 S - a potion of resistance
 U - 2 potions of paralysis
Miscellaneous
 k - a box of beasts
 s - a lamp of fire
Rods
 H - a +7 rod of destruction [lightning,fireball,iron] (9/9)
   (You found it in a labyrinth)


   Skills:
 + Level 9.3(14.3) Fighting
 - Level 4.0(9.0) Short Blades
 * Level 2.3(7.3) Long Blades
 - Level 11.1(16.1) Slings
 + Level 8.2(13.2) Dodging
 - Level 6.3(11.3) Stealth
 - Level 3.0(8.0) Stabbing
 - Level 5.7(10.7) Traps & Doors
 - Level 6.5 Spellcasting
 - Level 3.0 Hexes
 - Level 2.3 Necromancy
 - Level 4.4 Translocations
 - Level 7.5 Transmutations
 + Level 6.1 Fire Magic
 - Level 5.5 Earth Magic
 - Level 7.8 Invocations
 + Level 7.9 Evocations


You had 6 spell levels left.
You knew the following spells:

 Your Spells              Type           Power        Failure   Level  Hunger
a - Fulsome Distillation  Trmt/Necr      N/A          1%          1    None
b - Evaporate             Fire/Trmt      #####..      1%          2    None
c - Petrify               Trmt/Erth      #####....    10%         4    ####...
d - Inner Flame           Hex/Fire       ####.....    6%          3    ##.....
e - Dig                   Trmt/Erth      #####....    10%         4    ####...
f - Passwall              Trmt/Erth      #####.....   2%          3    ##.....
g - Blink                 Tloc           N/A          2%          2    None


Dungeon Overview and Level Annotations

Branches:
Dungeon (10/27)            Temple (1/1) D:5             Orc (0/4) D:9
   Lair (7/8) D:9           Swamp (0/5) Lair:6        Snake (0/5) Lair:5
  Slime (0/6) Lair:6

Altars:
Ashenzari
Cheibriados
Elyvilon
Fedhas
Kikubaaqudgha
Makhleb
Nemelex Xobeh
Okawaru
Sif Muna
Trog
Vehumet
Xom
Yredelemnul
Zin
the Shining One
Jiyva

Shops:
D:9: %?(==

Portals:
Ziggurat: D:6 (4600 gp)

Annotations
Lair:1 Harold
Lair:3 honeyccomb stash


Innate Abilities, Weirdness & Mutations

You occasionally shout uncontrollably.
Your muscles are strong (Str +1).


Message History

You climb upwards.
There is a stone staircase leading down here.
Unknown command.
You climb downwards.
There is a stone staircase leading up here.
L - 8 stones (gained 1)
You hear a grinding noise.
L - 9 stones (gained 1)
You hear a grinding noise.
You hear a grinding noise.
L - 10 stones (gained 1)
You hear a grinding noise.
L - 11 stones (gained 1)
You feel like a meek peon again.
You hear a grinding noise.
L - 12 stones (gained 1)
L - 13 stones (gained 1)
You hear a grinding noise.
t - a +1,+2 dagger of freezing {=F}
L - 15 stones (gained 2)
There is a stone staircase leading down here.
You hear a grinding noise.
L - 16 stones (gained 1)
L - 17 stones (gained 1)
L - 19 stones (gained 2)
w - a sling bullet of flame {god gift}
L - 20 stones (gained 1)
L - 21 stones (gained 1)
L - 22 stones (gained 1)
L - 23 stones (gained 1)
L - 25 stones (gained 2)
You hear a grinding noise.
L - 26 stones (gained 1)
You see here a glowing dwarven battleaxe.
L - 27 stones (gained 1)
L - 28 stones (gained 1)
L - 29 stones (gained 1)
You hear a grinding noise.
HP restored.
You hear a grinding noise.
You found a bolt trap! 2 blink frogs come into view. 2 blink frogs come into view.
The blink frog hits the plant but does no damage.
You see here a scroll of teleportation {@r3 !r}.
D - 9 scrolls of teleportation {@r3 !r} (gained 1)
The blink frog hits the plant!
The blink frog blinks!
The blink frog gives a loud, deep croak!
It bursts into flame!
b - a +3,+0 scimitar of flaming (weapon)
The blink frog hits the plant.
The blink frog blinks!
You closely miss the blink frog. The blink frog closely misses you.
The blink frog hits you. The blink frog hits you!
The blink frog blinks!
The blink frog hits the plant!
The blink frog blinks!
The blink frog blinks!
The blink frog closely misses you. The blink frog hits you!
The blink frog hits you!
A bolt misses the blink frog!
There is a stone staircase leading down here.
Use which ability? (? or * to list)
You gain the combat prowess of a mighty hero.
You feel slightly less full. The blink frog barely misses you.
The blink frog completely misses you.
The blink frog hits you but does no damage.
You hit the blink frog but do no damage.
The blink frog barely misses you. The blink frog hits you!
The blink frog hits you but does no damage.
The blink frog misses you.
The blink frog momentarily phases out as your attack passes through it.
The blink frog barely misses you. The blink frog closely misses you.
The blink frog hits you. The blink frog closely misses you.
The blink frog blinks!
You slash the blink frog! You burn the blink frog.
The blink frog is heavily wounded.
The blink frog misses you.
The blink frog hits you but does no damage.
You hit the blink frog. You burn the blink frog.
The blink frog is severely wounded.
The blink frog completely misses you.
The blink frog blinks!
The blink frog momentarily phases out as your attack passes through it.
Your punch passes through the blink frog as it momentarily phases out.
The blink frog is severely wounded.
The blink frog barely misses you.
You miss the blink frog.
The blink frog is severely wounded.
The blink frog blinks!
The blink frog hits you.
The blink frog blinks!
You slash the blink frog! You burn the blink frog.
The blink frog is moderately wounded.
The blink frog closely misses you.
The blink frog momentarily phases out as your attack passes through it.
The blink frog is moderately wounded.
The blink frog hits you. The blink frog hits you!
* * * LOW HITPOINT WARNING * * *
You slash the blink frog! You burn the blink frog.
You kill the blink frog!
Okawaru accepts your kill. The blink frog hits you!
You die...

#.P..#..##.f.#...#...............
....##.P#######.#...............+
f.###..## ###.............##. ###
##..# ###...........# .
#####.######## #########..##
###P#.....#..P.# #.#
P#P.P.P.......####
..............+..###### #
P.P.P.P........F@.#f..##..#.##
.##............P%............#
.##..........F#.#^.P#..###..##
..................###..P.#
....#..f...#...#### PP.P..#
#.............##


PPPPP.# ####.#.###...## #P.PP.... #.#### ##.## ##.P.P.. ### ### ##P.## You could
see 2 blink frogs.

Vanquished Creatures
  A minotaur (Lab)
  Erica (Lair:2)
  2 hydras
  A catoblepas (Lair:4)
  A giant amoeba (D:7)
  The ghost of Banto the Transmogrifier, an experienced SESt (D:7)
  An elephant slug (Lair:6)
  A queen ant (Lair:2)
  4 elephants (Lair:7)
  5 spiny frogs
  A hill giant zombie (D:9)
  A feature mimic (Lair:3)
  A spriggan (D:9)
  5 komodo dragons
  Prince Ribbit (D:8)
  2 queen bees
  8 blink frogs
  2 wraiths (D:7)
  A basilisk (Lair:4)
  4 wyverns
  Eustachio (D:8)
  8 yaks
  6 war dogs
  An elf zombie (D:7)
  3 hippogriffs
  A fire drake (Lair:2)
  20 soldier ants (Lair:2)
  6 human zombies (D:7)
  A necrophage (D:7)
  4 phantoms
  8 giant goldfish (Lair:4)
  2 sky beasts
  2 centaurs
  8 ogres
  An ice beast (D:8)
  2 troll zombies (D:9)
  A boring beetle (Lair:7)
  A swamp drake (Lair:6)
  Duvessa (D:5)
  13 giant frogs
  4 nagas (Lair:5)
  A brain worm (Lair:6)
  6 crocodiles
  2 giant slugs
  6 water moccasins
  8 agate snails
  A gnoll sergeant (D:9)
  A water moccasin skeleton (D:8)
  58 killer bees
  4 wights (D:9)
  A vampire bat (Lair:1)
  5 ogre zombies (D:9)
  A killer bee zombie (D:7)
  A goliath beetle (D:8)
  6 hounds
  2 crimson imps
  Dowan (D:5)
  2 quasits
  6 electric eels (Lair:4)
  5 orc priests
  3 iguanas
  21 worker ants
  8 orc wizards
  3 scorpions
  7 porcupines
  7 sheep (Lair:3)
  14 jellies
  10 gnolls
  2 lemures
  18 adders
  An adder zombie (D:5)
  A giant mite (D:5)
  46 green rats
  3 worms
  3 giant centipedes
  A human skeleton (D:7)
  A white imp (D:5)
  A shadow imp (D:7)
  An ufetubus (D:8)
  2 spectral bats (Lair:1)
  4 bat skeletons
  A bat zombie (Lair:1)
  3 giant eyeballs
  4 giant geckos
  12 oozes (D:7)
  25 orcs
  3 fire bats (Lair:1)
  6 giant cockroaches
  8 hobgoblins
  18 jackals
  8 quokkas
  11 ant larvae (Lair:2)
  2 ball pythons
  34 bats
  A bat simulacrum (Lair:1)
  8 giant newts
  24 goblins
  A goblin skeleton (D:9)
  3 goblin zombies (D:9)
  A hobgoblin skeleton (D:9)
  4 hobgoblin zombies (D:9)
  10 kobolds
  5 orc skeletons
  11 orc zombies
  14 rats
  A rat skeleton (D:5)
  4 fungi
  2 plants
  A toadstool (Lair:5)
637 creatures vanquished.

Vanquished Creatures (others)
  A war dog (Lair:5)
  A giant gecko (Lair:2)
  A jackal (D:2)
  2 hobgoblin zombies (D:9)
  A rat (D:2)
  9 fungi
  6 plants
  8 toadstools
29 creatures vanquished.

Grand Total: 666 creatures vanquished

Notes
Turn   | Place    | Note
--------------------------------------------------------------
     0 | D:1      | MisterOstroum, the Sludge Elf Stalker, began the quest for the Orb.
     0 | D:1      | Reached XP level 1. HP: 13/13 MP: 1/1
    13 | D:1      | Reached skill level 1 in Short Blades
   237 | D:1      | Reached XP level 2. HP: 18/18 MP: 3/3
   321 | D:1      | Reached skill level 3 in Transmutations
   593 | D:1      | Learned a level 2 spell: Evaporate
   896 | D:2      | Reached XP level 3. HP: 23/23 MP: 5/5
  1568 | D:2      | Reached XP level 4. HP: 28/28 MP: 5/7
  1600 | D:2      | Found a glowing golden altar of the Shining One.
  2828 | D:3      | Reached skill level 1 in Slings
  3176 | D:3      | Reached skill level 1 in Fire Magic
  3206 | D:4      | Found a shattered altar of Ashenzari.
  3274 | D:4      | Reached XP level 5. HP: 34/34 MP: 10/10
  3317 | D:4      | Noticed an ogre
  3384 | D:4      | Killed an ogre
  3532 | D:4      | Noticed an ogre
  3536 | D:4      | Killed an ogre
  3536 | D:4      | Reached XP level 6. HP: 39/39 MP: 10/12
  3938 | D:4      | Found a blossoming altar of Fedhas.
  4061 | D:5      | Entered Level 5 of the Dungeon
  4117 | D:5      | Reached skill level 4 in Slings
  4117 | D:5      | Reached XP level 7. HP: 27/44 MP: 12/15
  4190 | D:5      | Noticed Dowan
  4192 | D:5      | Found a staircase to the Ecumenical Temple.
  4199 | Temple   | Entered the Ecumenical Temple
  4291 | Temple   | Became a worshipper of Nemelex Xobeh
  4983 | D:5      | Found an iron altar of Okawaru.
  5012 | D:5      | Noticed Duvessa
  5641 | D:5      | Received a gift from Nemelex Xobeh
  5704 | D:5      | Gained mutation: You occasionally shout uncontrollably. [Duvessa/wand of polymorph other]
  5716 | D:5      | Killed Dowan
  5724 | D:5      | Killed Duvessa
  5935 | D:5      | Fell from the grace of Nemelex Xobeh
  5935 | D:5      | Became a worshipper of Warmaster Okawaru
  5965 | D:5      | Reached skill level 1 in Evocations
  5965 | D:5      | Reached XP level 8. HP: 50/50 MP: 18/18
  6391 | D:6      | Learned a level 4 spell: Petrify
  6395 | D:6      | Learned a level 3 spell: Inner Flame
  6400 | D:6      | Learned a level 4 spell: Dig
  6668 | D:6      | Gained mutation: Your muscles are strong (Str +1). [mutagenic meat]
  6724 | D:6      | Found a gateway to a ziggurat.
  6741 | D:6      | Acquired Okawaru's first power
  7190 | D:7      | Found Enluma's Distillery.
  7205 | D:7      | Reached skill level 1 in Traps & Doors
  7256 | D:7      | Bought a potion of curing for 20 gold pieces
  7256 | D:7      | Bought a potion of mutation for 30 gold pieces
  7256 | D:7      | Bought a potion of mutation for 30 gold pieces
  7256 | D:7      | Bought a potion of porridge for 10 gold pieces
  7256 | D:7      | Bought a potion of paralysis for 10 gold pieces
  7256 | D:7      | Bought a potion of invisibility for 55 gold pieces
  7256 | D:7      | Bought a potion of restore abilities for 30 gold pieces
  7389 | D:7      | Reached skill level 5 in Transmutations
  7467 | D:7      | Reached skill level 5 in Slings
  7531 | D:7      | Reached skill level 1 in Earth Magic
  7531 | D:7      | Reached XP level 9. HP: 55/55 MP: 21/21
  7640 | D:7      | Reached skill level 1 in Invocations
  7990 | D:7      | XOM: miscast effect
  8068 | D:7      | Found an ancient bone altar of Kikubaaqudgha.
  8142 | D:7      | Found a snail-covered altar of Cheibriados.
  8301 | D:7      | Noticed Banto's ghost (experienced SESt)
  8346 | D:7      | HP: 2/51 [Banto's ghost (23)]
  8360 | D:7      | Killed Banto's ghost
  8554 | D:7      | Reached skill level 6 in Transmutations
  8562 | D:7      | Reached XP level 10. HP: 58/58 MP: 22/22
  8631 | D:7      | Noticed a giant amoeba
  8766 | D:7      | Killed a giant amoeba
  9014 | D:8      | Paralysed by a giant eyeball for 4 turns
  9141 | D:8      | Noticed Prince Ribbit
  9148 | D:8      | Learned a level 3 spell: Passwall
  9221 | D:8      | Noticed Eustachio
  9235 | D:8      | Killed Eustachio
  9235 | D:8      | Reached skill level 5 in Fire Magic
  9315 | D:8      | Found a radiant altar of Vehumet.
  9964 | D:8      | Reached skill level 1 in Hexes
 10159 | D:8      | Killed Prince Ribbit
 10390 | D:9      | Found Pehixum's Weapon Shop.
 10892 | D:9      | Found Xeyhuc's Magic Scroll Shop.
 10917 | D:9      | Bought a scroll of identify for 30 gold pieces
 10918 | D:9      | Bought a scroll of fear for 52 gold pieces
 10945 | D:9      | Found a staircase to the Lair.
 11029 | D:9      | Found Ywucuh's Jewellery Shoppe.
 11093 | D:9      | Found Onosapen's Jewellery Shoppe.
 11171 | D:9      | Found a staircase to the Orcish Mines.
 11276 | D:9      | Reached skill level 5 in Stealth
 11325 | D:9      | Reached skill level 5 in Earth Magic
 11433 | D:9      | Reached skill level 5 in Fighting
 11471 | D:9      | Reached skill level 1 in Necromancy
 12054 | D:9      | Found Ghaapt's Food Shoppe.
 12141 | D:10     | Entered Level 10 of the Dungeon
 12360 | D:9      | Reached skill level 7 in Slings
 12360 | D:9      | Reached XP level 11. HP: 34/66 MP: 21/23
 12664 | Lair:1   | Entered Level 1 of the Lair of Beasts
 12830 | Lair:1   | Noticed Harold
 12862 | Lair:1   | Found a labyrinth entrance.
 12876 | Lab      | Entered a labyrinth
 13537 | Lab      | Noticed a minotaur
 13567 | Lab      | Killed a minotaur
 13567 | Lab      | Reached skill level 5 in Spellcasting
 13567 | Lab      | Reached skill level 5 in Invocations
 13601 | Lab      | Got a faintly glowing crossbow
 13617 | Lair:1   | MisterOstroum: 1
 13622 | Lair:1   | Learned a level 2 spell: Blink
 14674 | Lair:2   | XOM: miscast effect
 14716 | Lair:2   | Identified a +7 rod of destruction [lightning,fireball,iron] (9/9) (You found it in a labyrinth)
 14764 | Lair:2   | Noticed Erica
 14834 | Lair:2   | Reached skill level 1 in Translocations
 14936 | Lair:2   | Reached skill level 8 in Slings
 15271 | Lair:2   | Received a gift from Okawaru
 15389 | Lair:2   | Acquired Okawaru's second power
 15389 | Lair:2   | Reached skill level 5 in Evocations
 15533 | Lair:2   | Noticed an eight-headed hydra
 15744 | Lair:2   | Reached skill level 5 in Dodging
 15756 | Lair:2   | Killed Erica
 15756 | Lair:2   | Received a gift from Okawaru
 15756 | Lair:2   | Reached XP level 12. HP: 55/75 MP: 18/25
 15946 | Lair:2   | Reached skill level 9 in Slings
 16720 | Lair:3   | Received a gift from Okawaru
 16973 | Lair:3   | Received a gift from Okawaru
 17254 | Lair:3   | Received a gift from Okawaru
 17264 | Lair:3   | Reached skill level 5 in Traps & Doors
 17923 | Lair:4   | Received a gift from Okawaru
 17990 | Lair:4   | Noticed a catoblepas
 17998 | Lair:4   | Reached skill level 10 in Slings
 18023 | Lair:4   | Killed a catoblepas
 18916 | Lair:4   | Received a gift from Okawaru
 19247 | Lair:5   | Found a staircase to the Snake Pit.
 19844 | Lair:5   | Received a gift from Okawaru
 19903 | Lair:5   | Identified a +0 pair of boots of running {god gift} (Okawaru gifted it to you on level 5 of the Lair of Beasts)
 20525 | Lair:6   | Noticed a seven-headed hydra
 20573 | Lair:6   | Killed a seven-headed hydra
 20595 | Lair:6   | Got a distressingly furry robe
 20604 | Lair:6   | Identified the +2 robe of Trog's Reproof (You found it on level 6 of the Lair of Beasts)
 20687 | Lair:6   | Reached XP level 13. HP: 54/82 MP: 27/27
 20802 | Lair:6   | Found a viscous altar of Jiyva.
 20802 | Lair:6   | Found a staircase to the Slime Pits.
 20890 | Lair:6   | Found a staircase to the Swamp.
 21541 | Lair:7   | Noticed a five-headed hydra
 21557 | Lair:7   | Killed a five-headed hydra
 21557 | Lair:7   | Reached skill level 11 in Slings
 22080 | Lair:7   | Reached skill level 1 in Long Blades
 22096 | Lair:7   | Received a gift from Okawaru
 22716 | Lair:7   | Slain by a blink frog
